 Dungeon Crawl Stone Soup version 0.20-a0-795-ga03948b (webtiles) character file.

125 Alarkh the Grave Robber (level 4, -2/45 HPs)
             Began as a Demonspawn Necromancer on Mar 2, 2017.
             Slain by a killer bee (4 damage)
             ... on level 3 of the Dungeon.
             The game lasted 00:03:39 (3456 turns).

Alarkh the Grave Robber (Demonspawn Necromancer)    Turns: 3456, Time: 00:03:40

Health: -2/45      AC: 22    Str:  8    XL:     4   Next: 82%
Magic:  9/9        EV:  2    Int: 17    God:
Gold:   97         SH:  0    Dex: 14    Spells: 3/10 levels left

rFire    . . .     SeeInvis .   d - +0 mace
rCold    . . .     Gourm    .   (armour currently unavailable)
rNeg     + + +     Faith    .   (no shield)
rPois    +         Spirit   .   (helmet currently unavailable)
rElec    .         Reflect  .   (cloak currently unavailable)
rCorr    .         Harm     +   (gloves currently unavailable)
MR       .....     NoTele   +   (boots currently unavailable)
Stlth    ++........             g - amulet of harm
Regen    0.2/turn               (no ring)
MPRegen  0.2/turn               m - +1 ring of evasion

@: lethally poisoned (-2 -> -3), tree-form
A: (spiny 0)
a: no special abilities


You were on level 3 of the Dungeon.
You were not hungry.
You were a tree.
You visited 1 branch of the dungeon, and saw 3 of its levels.

You collected 97 gold pieces.

Inventory:

Hand Weapons
 d - a +0 mace (weapon)
 r - a +1 vampiric trident
Armour
 a - a +0 robe (melded)
 q - a +2 pair of gloves (melded)
Jewellery
 g - an amulet of harm (around neck)
 m - a +1 ring of evasion (left branch)
Scrolls
 e - 3 scrolls of identify
 h - a scroll of remove curse
 i - a scroll of enchant weapon {unknown}
 l - a scroll of magic mapping
 o - 2 scrolls of blinking
 p - a scroll of recharging {unknown}
 s - a scroll of immolation
 u - 2 scrolls of teleportation {unknown}
Books
 b - a book of Necromancy

   Spells                             Type                      Level
   a - Pain                           Necromancy                   1
   b - Animate Skeleton               Necromancy                   1
   c - Vampiric Draining              Necromancy                   3
   d - Regeneration                   Charms/Necromancy            3
   e - Animate Dead                   Necromancy                   4
   f - Control Undead                 Necromancy                   4
Comestibles
 c - 2 bread rations
 f - 4 fruits
 j - a royal jelly
 k - a meat ration


   Skills:
 - Level 1.7 Dodging
 - Level 1.7 Stealth
 + Level 3.7 Spellcasting
 + Level 5.6 Necromancy


You had 3 spell levels left.
You knew the following spells:

 Your Spells              Type           Power        Failure   Level  Hunger
a - Pain                  Necr           ###.         1%          1    None
b - Vampiric Draining     Necr           ###.......   6%          3    ###....
c - Regeneration          Chrm/Necr      ##........   17%         3    ###....


Dungeon Overview and Level Annotations

Branches:
Dungeon (3/15)

Altars:
Vehumet


Innate Abilities, Weirdness & Mutations

((You are partially covered in sharp spines.))


Message History

The killer bee barely misses you. The killer bee stings you.
* * * LOW HITPOINT WARNING * * *
You are poisoned.
The killer bee poisons you! The killer bee completely misses you.
The killer bee stings you.
* * * LOW HITPOINT WARNING * * *
The killer bee stings you.
* * * LOW HITPOINT WARNING * * *
You miss the killer bee.
The killer bee is heavily wounded.
* * * LOW HITPOINT WARNING * * *
You feel sick.
The killer bee stings you but does no damage. x7
You barely miss the killer bee.
The killer bee is heavily wounded.
* * * LOW HITPOINT WARNING * * *
You feel sick.
The killer bee stings you but does no damage.
The killer bee stings you.
You die...

#.# #.## #.# #.. #.# #..
#.# #.# #.# ###### #.#
#.# #....#####.# #.#
#..........# ##y#
##.####...#...#y♣#..y.#
.........###.###yyy.#
#######...#...#.........
########...._.......###.
..........#...#....##
#######..###.###.### .##
#...#...#..# #.##
#..........# #).#
#.[###...###


You could see 4 killer bees.

Vanquished Creatures
  6 adders
  4 worms (D:2)
  2 dart slugs
  2 leopard geckos
  8 bats
  3 giant cockroaches
  3 goblins
  8 hobgoblins
  2 jackals (D:1)
  A quokka (D:2)
  A frilled lizard (D:2)
  9 kobolds
  7 rats
56 creatures vanquished.

Notes
Turn   | Place    | Note
-------+----------+-------------------------------------------
     0 | D:1      | Alarkh the Demonspawn Necromancer began the quest for the Orb.
     0 | D:1      | Reached XP level 1. HP: 13/13 MP: 3/3
   235 | D:1      | Gained mutation: You are partially covered in sharp spines. [demonic ancestry]
   235 | D:1      | Reached XP level 2. HP: 14/19 MP: 5/5
  1172 | D:1      | Reached XP level 3. HP: 21/24 MP: 7/7
  1233 | D:1      | Learned a level 3 spell: Vampiric Draining
  1237 | D:1      | Learned a level 3 spell: Regeneration
  1760 | D:2      | Reached skill level 5 in Necromancy
  2388 | D:2      | Reached XP level 4. HP: 30/30 MP: 6/9
  3427 | D:3      | Found a radiant altar of Vehumet.
  3456 | D:3      | HP: 2/45 [poisoned by a killer bee]
  3456 | D:3      | Slain by a killer bee

Vault maps used:
D:1:      minmay_arrival_four_houses
D:3:      vehumet_crystals

Skill      XL: |  1  2  3 |
---------------+----------+-----
Spellcasting   | 3 |  3.7
Necromancy     | 5 |  5.6
Dodging        | |  1.7
Stealth        | |  1.7

Action                   |  1- 3 |  4- 6 || total
-------------------------+-------+-------++-------
Melee: Mace              |    54 |    46 ||   100
 Cast: Pain              |    48 |     2 ||    50
  Use: Scroll            |       |     5 ||     5
       Potion            |       |     1 ||     1
 Stab: Distracted        |     1 |       ||     1
       Sleeping          |       |     2 ||     2
  Eat: Chunk             |     4 |     4 ||     8
Armor: Robe              |    12 |     7 ||    19
       Skin              |       |    66 ||    66
Dodge: Dodged            |    52 |    31 ||    83
